Map: Oxide LE

Players

A.I. 1 (Very Easy) - Winner!

  • Race: Zerg Zerg
  • Spawn Location: 7:00

Syndrome

  • Race: Protoss Protoss
  • League: Grandmaster
  • Spawn Location: 1:00

VOD

Have the link to the VOD?

Description

Time

  • Played on: Dec. 10, 2020, 7:39 p.m.
  • Length: 8:28
Show
View Real Time Build Order
Export as new Build Order

A.I. 1 (Very Easy) Zerg - Winner!

Build Orders: Hatch First 

Get SALT Encoding   

  6  0:01  Drone  
  13  0:12  Overlord  
  13  0:16  Drone  
  14  0:41  Hatchery  
  13  0:45  Drone  
  14  1:03  Spawning Pool  
  13  1:05  Drone  
  13  1:09  Extractor  
  13  1:12  Drone  
  14  1:20  Overlord  
  14  1:50  Queen, Zergling x2  
  14  1:52  Zergling x2  
  18  1:56  Roach Warren  
  18  2:01  Drone  
  18  2:06  Extractor  
  17  2:10  Drone  
  17  2:15  Zergling x2  
  19  2:20  Drone  
  20  2:27  Drone  
  21  2:35  Drone  
  22  2:42  Drone  
  23  2:49  Drone  
  24  2:56  Lair  
  24  2:57  Drone  
  25  3:24  Drone  
  26  3:31  Drone  
  27  3:38  Drone  
  27  3:40  Overlord  
  28  3:45  Drone  
  29  3:53  Drone  
  29  3:54  Spire  
  29  4:00  Drone  
  30  4:03  Overseer  
  30  4:07  Drone, Overseer  
  31  4:15  Drone  
  32  4:22  Drone  
  32  4:23  Overlord  
  33  4:29  Drone  
  35  4:31  Zergling x2  
  35  4:36  Drone  
  22  4:44  Drone  
  17  4:51  Drone  
  17  4:58  Drone  
  20  5:00  Roach  
  20  5:05  Drone  
  21  5:12  Drone  
  22  5:19  Drone  
  23  5:26  Drone  
  25  5:28  Zergling x2  
  25  5:34  Drone  
  26  5:41  Drone  
  27  5:43  Extractor  
  27  5:49  Drone  
  23  5:56  Drone  
  23  5:57  Zergling x2  
  23  6:03  Drone  
  24  6:10  Drone  
  24  6:11  Extractor  
  24  6:18  Drone  
  25  6:19  Overseer  
  25  6:25  Roach, Drone  
  28  6:32  Drone  
  29  6:39  Drone  
  30  6:46  Drone  
  31  6:53  Drone  
  32  7:00  Drone  
  33  7:02  Overlord  
  33  7:05  Mutalisk  
  33  7:08  Drone  
  36  7:15  Drone  
  37  7:22  Drone  
  38  7:29  Drone  
  39  7:33  Overlord  
  39  7:35  Zergling x2  
  39  7:36  Queen  
  34  7:37  Drone  
  34  7:43  Overseer  
  31  7:44  Drone  
  23  7:51  Drone  
  18  8:04  Roach  
Show
View Real Time Build Order
Export as new Build Order

Syndrome Protoss 

Build Orders: 1 Gate Expand, Archon Immortal, Archon Drop, Dark Templar Rush 

Get SALT Encoding   

  6  0:00  Probe  
  13  0:12  Probe  
  14  0:18  Pylon  
  14  0:24  Probe  
  15  0:36  Gateway  
  15  0:37  Probe (Chrono Boost)  
  16  0:43  Assimilator  
  16  0:49  Probe (Chrono Boost)  
  17  0:57  Probe (Chrono Boost)  
  18  1:03  Probe  
  19  1:16  Probe  
  20  1:25  Nexus  
  20  1:35  Cybernetics Core  
  20  1:40  Assimilator  
  20  1:42  Probe  
  21  1:54  Probe  
  21  1:55  Pylon  
  22  2:06  Probe (Chrono Boost)  
  23  2:11  Stalker (Chrono Boost)  
  23  2:12  Warp Gate  
  25  2:17  Probe (Chrono Boost)  
  25  2:21  Twilight Council  
  25  2:22  Probe (Chrono Boost)  
  27  2:33  Probe  
  29  2:37  Probe (Chrono Boost)  
  29  2:41  Robotics Facility  
  29  2:49  Probe (Chrono Boost)  
  29  2:50  Probe (Chrono Boost)  
  31  2:51  Adept  
  31  2:57  Probe (Chrono Boost)  
  35  2:59  Probe (Chrono Boost)  
  35  3:03  Probe  
  36  3:09  Probe  
  36  3:10  Dark Shrine  
  37  3:17  Gateway  
  37  3:22  Gateway  
  37  3:25  Adept  
  39  3:31  Warp Prism (Chrono Boost)  
  39  3:39  Pylon  
  41  3:42  Probe x2  
  41  3:46  Assimilator  
  43  3:48  Assimilator  
  43  3:54  Probe x2  
  45  3:58  Pylon  
  45  4:03  Adept  
  45  4:06  Probe x2  
  49  4:19  Probe x2  
  49  4:24  Dark Templar x3  
  53  4:26  Pylon  
  53  4:31  Probe x2  
  57  4:43  Probe x2  
  57  4:44  Pylon  
  57  4:45  Immortal (Chrono Boost)  
  59  5:01  Archon  
  59  5:03  Nexus  
  59  5:07  Pylon  
  59  5:14  Immortal (Chrono Boost)  
  59  5:18  Dark Templar  
  59  5:21  Probe x2  
  67  5:24  Archon  
  67  5:25  Blink (Chrono Boost)  
  67  5:33  Probe x2  
  69  5:45  Probe x2  
  75  5:52  Sentry x2  
  75  5:53  Sentry  
  81  5:58  Immortal (Chrono Boost)  
  81  6:13  Gateway x2, Pylon  
  81  6:17  Sentry x3  
  87  6:18  Gateway  
  87  6:34  Immortal (Chrono Boost), Pylon  
  87  6:36  Pylon  
  91  6:40  Stalker x3  
  97  6:47  Probe  
  97  6:48  Probe x2  
  100  7:00  Pylon, Probe x2  
  103  7:02  Pylon  
  103  7:11  Stalker x5  
  103  7:12  Probe x2, Stalker  
  117  7:21  Probe  
  117  7:24  Probe x2  
  119  7:33  Probe  
  119  7:34  Stalker x5  
  119  7:35  Stalker  
  119  7:36  Probe x2  
  134  7:45  Probe  
  134  7:48  Probe  
  134  7:49  Assimilator  
  136  7:55  Assimilator  
  136  7:57  Forge  
  136  8:04  Nexus  
  136  8:05  Pylon, Robotics Bay  
  136  8:07  Robotics Facility  
  136  8:21  Stalker x2  
  136  8:24  Pylon  
  136  8:26  Pylon  
Tags
 
Add a new tag
Caveats
  • Supply blocks, unpowered buildings, or Contaminate may cause inaccurate times.
  • Supply counts are checked every 10 seconds.